 Dungeon Crawl Stone Soup version 0.17.0-24-gcfadda4 (webtiles) character file.

3668 Helmschank the Transmogrifier (level 9, 0/76 HPs)
             Began as a White Draconian Transmuter on Nov 16, 2015.
             Was an Initiate of Fedhas.
             Slain by a killer bee (7 damage)
             ... on level 8 of the Dungeon.
             The game lasted 00:56:55 (11708 turns).

Helmschank the Transmogrifier (DrTm)               Turns: 11708, Time: 00:56:57

Health: 0/76       AC:  6    Str: 12    XL:     9   Next: 89%
Magic:  13/15      EV:  5    Int: 14    God:    Fedhas [......]
Gold:   573        SH:  0    Dex: 15    Spells: 5 memorised, 1 level left

rFire  x . .     SeeInvis +       - Unarmed
rCold  + + +     Clarity  .     (armour unavailable)
rNeg   . . .     SustAt   .     (shield currently unavailable)
rPois  +         Gourm    +     (helmet currently unavailable)
rElec  .         Spirit   .     (cloak currently unavailable)
rCorr  .         Warding  .     (gloves currently unavailable)
rMut   .         Stasis   .     (boots currently unavailable)
MR     .....                    D - amulet of the gourmand
Stlth  ++........               F - ring of see invisible
                                v - ring of stealth

@: ice-form, not resistant to hostile enchantments, unstealthy
A: (breathe frost), unfitting armour, (cold resistance 0), (cold-blooded), AC +7
a: End Transformation, Renounce Religion


You were on level 8 of the Dungeon.
You worshipped Fedhas.
Fedhas was noncommittal.
You were very full.
You were a creature of crystalline ice.
You visited 2 branches of the dungeon, and saw 9 of its levels.

You collected 573 gold pieces.

Inventory:

Hand Weapons
 e - a +1 blowgun
Missiles
 a - 95 arrows
 h - 7 tomahawks (quivered)
 A - 69 poisoned needles
 U - 463 stones
Armour
 p - a +1 cloak (melded)
 t - a +0 pair of gloves (melded)
 K - a cursed +0 pair of boots (melded)
Jewellery
 s - an uncursed amulet of clarity
 v - a ring of stealth (left front paw)
 D - an amulet of the gourmand (around neck)
 F - a ring of see invisible (right front paw)
 I - an uncursed ring of teleportation
Wands
 g - a wand of invisibility (9)
 r - a wand of teleportation (4)
 u - a wand of confusion (31)
 y - a wand of random effects (16)
 N - a wand of draining (4)
Scrolls
 f - 3 scrolls of recharging
 l - 5 scrolls of enchant weapon
 n - 2 scrolls of noise
 q - 3 scrolls of remove curse
 z - 2 scrolls of magic mapping
Potions
 d - a potion of agility
 i - a potion of brilliance {unknown}
 j - 4 potions of heal wounds
 k - 4 potions of flight
 m - 2 potions of magic
 w - a potion of experience {unknown}
 x - a potion of ambrosia
 C - 2 potions of curing {unknown}
 E - a potion of might {unknown}
 G - 2 potions of cancellation {unknown}
 H - a potion of beneficial mutation {unknown}
 J - a potion of berserk rage {unknown}
Books
 b - a book of Changes

   Spells                             Type                      Level
   a - Beastly Appendage              Transmutation                1
   b - Sticks to Snakes               Transmutation                2
   c - Spider Form                    Transmutation/Poison         3
   d - Ice Form                       Ice/Transmutation            4
   e - Blade Hands                    Transmutation                5
Comestibles
 c - 5 bread rations
 o - 2 meat rations
 B - 3 fruits
 L - 10 royal jellies


   Skills:
 - Level 1.1 Fighting
 - Level 1.7 Dodging
 * Level 6.1 Unarmed Combat
 - Level 4.2 Spellcasting
 - Level 11.6 Transmutations
 + Level 3.0 Ice Magic
 - Level 3.2 Poison Magic


You had one spell level left.
You knew the following spells:

 Your Spells              Type           Power        Failure   Level  Hunger
a - Spider Form           Trmt/Pois      ###.......   2%          3    ###....
f - Blade Hands           Trmt           #####.....   6%          5    ######.
s - Ice Form              Ice/Trmt       ###.....     12%         4    ####...
x - Sticks to Snakes      Trmt           #####.....   1%          2    ##.....
z - Beastly Appendage     Trmt           #####.       1%          1    None


Dungeon Overview and Level Annotations

Branches:
Dungeon (8/15)             Temple (1/1) D:6            Lair (0/8) D:8

Altars:
Ashenzari
Cheibriados
Dithmenos
Elyvilon
Fedhas
Gozag
Kikubaaqudgha
Makhleb
Nemelex Xobeh
Okawaru
Qazlal
Ru
Sif Muna
Trog
Vehumet
Xom
Yredelemnul
Zin
The Shining One

Shops:
D:5 :


Innate Abilities, Weirdness & Mutations

((You can breathe waves of freezing cold.))
((You can buffet flying creatures when you breathe cold.))
((Your icy white scales are hard (AC +7).))
Your body does not fit into most forms of armour.
((Your flesh is cold resistant.))
((You are cold-blooded and may be slowed by cold attacks.))


Message History

The killer bee barely misses you.
The killer bee stings you but does no damage.
The killer bee misses you. The killer bee closely misses you.
The killer bee stings you!
* * * LOW HITPOINT WARNING * * *
The killer bee completely misses you. The killer bee closely misses you.
The killer bee misses you.
The killer bee stings you but does no damage.
The killer bee stings you.
* * * LOW HITPOINT WARNING * * *
There is a stone staircase leading up here.
The killer bee buzzes angrily.
The killer bee stings you!
* * * LOW HITPOINT WARNING * * *
The killer bee stings you!
* * * LOW HITPOINT WARNING * * *
The killer bee stings you but does no damage.
The killer bee stings you!
You die...
Fedhas appreciates your contribution to the ecosystem.

#....##.....###....##.....##
#.......................#.##
#...##.................#.##
######..h##.................##≈#
##...##...#..................##.≈
#.......y.##....####....#######..
#.........##....####....##...##..
##............yy................>
#...##.....ySyyY............###'
##...##........y..........<..##..
#..............h##......##.......
#.........##....##......##.......
#.........##'#####......###'###..
##...##...#.............##...##..
#...##...#.............#....##..
##....'...#.............#........
#.....#...#.............#........


You could see 6 killer bees, an adder and a jackal.

Vanquished Creatures
  Maurice (D:8)
  A wraith (D:6)
  Grum (D:8)
  The ghost of gw the Chucker, an amateur DsHu (D:4)
  A water moccasin (D:8)
  2 wolves
  An ice beast (D:7)
  2 orc warriors
  2 phantoms
  3 ogres
  A big kobold (D:6)
  3 giant frogs
  4 scorpions
  A crimson imp (D:5)
  2 giant frog skeletons
  3 jellies (D:8)
  A centaur skeleton (D:5)
  2 hounds
  9 orc wizards
  3 orc priests
  A gnoll shaman (D:6)
  2 iguanas
  7 worker ants
  2 hound skeletons
  6 gnolls
  9 adders
  6 oozes
  2 adder skeletons
  2 worms
  6 giant geckos
  17 orcs
  3 ball pythons
  5 giant cockroaches
  11 goblins
  10 hobgoblins
  31 kobolds
  2 bats (D:1)
  2 giant gecko skeletons
  9 giant newts
  27 jackals
  A jackal skeleton (D:5)
  5 quokkas
  2 quokka skeletons
  A quokka zombie (D:6)
  7 rats
  A bush (D:3)
221 creatures vanquished.

Vanquished Creatures (collateral kills)
  A water moccasin (D:8)
  An ogre (D:4)
  An adder (D:3)
  2 orcs (D:3)
  A bat (D:3)
  A hobgoblin (D:1)
  A goblin (D:2)
  A kobold (D:2)
9 creatures vanquished.

Vanquished Creatures (others)
  A bat (D:1)
1 creature vanquished.

Grand Total: 231 creatures vanquished

Notes
Turn   | Place    | Note
--------------------------------------------------------------
     0 | D:1      | Helmschank the Draconian Transmuter began the quest for the Orb.
     0 | D:1      | Reached XP level 1. HP: 16/16 MP: 3/3
   219 | D:1      | Reached XP level 2. HP: 15/23 MP: 1/5
   550 | D:1      | Learned a level 2 spell: Sticks to Snakes
   578 | D:1      | Reached skill level 4 in Unarmed Combat
   870 | D:1      | Reached XP level 3. HP: 28/28 MP: 6/6
  1359 | D:1      | Learned a level 3 spell: Spider Form
  2525 | D:2      | Reached XP level 4. HP: 32/35 MP: 5/7
  2629 | D:3      | Reached skill level 5 in Unarmed Combat
  3203 | D:3      | Reached XP level 5. HP: 32/40 MP: 0/8
  3216 | D:3      | Reached skill level 6 in Unarmed Combat
  3953 | D:4      | Noticed an ogre
  4019 | D:4      | Killed an ogre
  4019 | D:4      | Reached skill level 1 in Poison Magic
  4279 | D:4      | Noticed gw's ghost (amateur DsHu)
  4299 | D:4      | Reached XP level 6. HP: 35/47 MP: 9/9
  5235 | D:4      | Killed gw's ghost
  5245 | D:4      | Your scales start taking on an icy white colour.
  5245 | D:4      | Gained mutation: Your flesh is cold resistant. [White Draconian growth]
  5245 | D:4      | Reached XP level 7. HP: 30/52 MP: 2/10
  5683 | D:4      | Learned a level 4 spell: Ice Form
  6022 | D:5      | Entered Level 5 of the Dungeon
  6160 | D:5      | Reached skill level 1 in Ice Magic
  6169 | D:5      | Reached skill level 5 in Transmutations
  6894 | D:5      | Found Aweoffae's Book Emporium.
  7050 | D:6      | Found a staircase to the Ecumenical Temple.
  7059 | Temple   | Entered the Ecumenical Temple
  7140 | D:6      | Found a burning altar of Makhleb.
  7141 | D:6      | Noticed an Executioner
  7157 | D:6      | Found a glowing silver altar of Zin.
  7157 | D:6      | Noticed an angel
  7169 | D:6      | Reached XP level 8. HP: 57/59 MP: 9/11
  7265 | D:6      | Reached skill level 7 in Transmutations
  7906 | D:6      | Reached skill level 8 in Transmutations
  8284 | D:6      | Reached skill level 9 in Transmutations
  8746 | D:6      | Found a snail-covered altar of Cheibriados.
  8746 | D:6      | Found an ancient bone altar of Kikubaaqudgha.
  8771 | D:6      | Found a bloodstained altar of Trog.
  9261 | D:7      | Reached XP level 9. HP: 59/64 MP: 12/12
  9316 | D:7      | Found a blossoming altar of Fedhas.
  9327 | D:7      | Became a worshipper of Fedhas Madash
  9341 | D:7      | Found a stormy altar of Qazlal.
  9915 | D:8      | Found a staircase to the Lair.
  9948 | D:8      | Reached skill level 10 in Transmutations
 10733 | D:8      | Noticed Grum
 10786 | D:7      | Reached skill level 11 in Transmutations
 10982 | D:8      | Killed Grum
 11415 | D:8      | Noticed Maurice
 11435 | D:8      | Killed Maurice
 11637 | D:8      | Learned a level 5 spell: Blade Hands
 11708 | D:8      | Slain by a killer bee

Action                   |  1- 3 |  4- 6 |  7- 9 || total
-------------------------+-------+-------+-------++-------
Melee: Unarmed           |   173 |   279 |   455 ||   907
 Fire: Blowgun           |       |       |    37 ||    37
Throw: Stone             |    13 |    13 |     2 ||    28
       Tomahawk          |       |       |    12 ||    12
 Cast: Beastly Appendage |    23 |    20 |    31 ||    74
       Sticks to Snakes  |     3 |    13 |     1 ||    17
       Spider Form       |       |     5 |    19 ||    24
       Blade Hands       |       |       |     1 ||     1
       Ice Form          |       |       |     1 ||     1
 Abil: Breathe Frost     |       |       |     8 ||     8
       End Transformatio |       |       |     1 ||     1
Evoke: Wand              |       |       |     1 ||     1
  Use: Scroll            |       |       |    17 ||    17
       Potion            |       |       |     1 ||     1
 Stab: Sleeping          |       |       |     5 ||     5
       Distracted        |       |       |     2 ||     2
  Eat: Chunk             |     6 |    11 |    34 ||    51
